 Dungeon Sprint DCSS version 0.17-a0-1570-g74b7129 (webtiles) character file.

0 nuthulu the Skirmisher (level 1, -1/22 HPs)
             Began as a Naga Berserker on July 23, 2015.
             Was a Follower of Trog.
             Slain by a quasit (2 damage)
             ... in the Dungeon (Sprint VI: "Thunderdome").
             The game lasted 00:00:25 (43 turns).

nuthulu the Skirmisher (Naga Berserker)               Turns: 43, Time: 00:00:26

Health: -1/22      AC:  1    Str: 19      XL:     1   Next: 90%
Magic:  1/1        EV:  9    Int:  7      God:    Trog [*.....]
Gold:   5          SH:  0    Dex:  6 (10) Spells: 0 memorised, 0 levels left

rFire  . . .     SeeInvis +     n - +0 great mace
rCold  . . .     Clarity  .     b - +0 animal skin
rNeg   . . .     SustAt   .     (no shield)
rPois  +         Gourm    .     (no helmet)
rElec  .         Spirit   .     (no cloak)
rCorr  .         Warding  .     (no gloves)
rMut   .         NoTele   +     (no barding)
MR     .....                    (no amulet)
Stlth  +.........               (no ring)
                                (no ring)

@: very slow, not resistant to hostile enchantments, very unstealthy
A: see invisible, deformed body, poison resistance, slowness 2, slow metabolism
1, spit poison 2, AC +0
a: Spit Poison, Burn Spellbooks, Berserk, Renounce Religion


You were in the Dungeon.
You worshipped Trog.
Trog was aware of your devotion.
You were not hungry.

You visited 1 branch You collected 200 gold pieces.
You spent 195 gold pieces at shops.

Inventory:

Hand weapons
 a - a +0 mace
 n - a +0 great mace (weapon)
Armour
 b - a +0 animal skin (worn)
Magical devices
 j - a wand of cold (5)
 k - a wand of fire (5)
Scrolls
 i - 4 scrolls of blinking
 l - 3 scrolls of fog
Potions
 d - a potion of curing
 e - 4 potions of heal wounds
 f - 4 potions of haste
 g - 2 potions of magic
 h - a potion of berserk rage
 m - a potion of resistance
Comestibles
 c - a bread ration


   Skills:
 + Level 3.7 Fighting
 + Level 3.7 Maces & Flails
 + Level 1.8 Armour
 + Level 1.9 Dodging


You couldn't memorise any spells.
You didn't know any spells.

Dungeon Overview and Level Annotations

Branches:
Dungeon (1/1)

Altars:
Cheibriados
Dithmenos
Fedhas
Kikubaaqudgha
Makhleb
Okawaru
Ru
Sif Muna
Trog
Vehumet
Xom
Yredelemnul
Zin
Jiyva
Lugonu

Shops:
D *[%??*?*:[((


Innate Abilities, Weirdness & Mutations

You cannot wear boots.
Your serpentine skin is tough (AC +0).
You have supernaturally acute eyesight.
Armour fits poorly on your strangely shaped body.
Your system is resistant to poisons.
You cover ground very slowly.
You have a slow metabolism.
You can spit poison.


Message History

You hit the quasit but do no damage.
The quasit is lightly wounded.
The shadow imp shouts, "Remove thy stench, thou worthless rude-growing minnow reeky!"
The quasit bites you but does no damage.
The quasit claws you.
* * * LOW HITPOINT WARNING * * *
You feel clumsy. The quasit claws you.
* * * LOW HITPOINT WARNING * * *
The quasit bites you.
* * * LOW HITPOINT WARNING * * *
The quasit claws you.
* * * LOW HITPOINT WARNING * * *
You feel clumsy. The quasit claws you.
* * * LOW HITPOINT WARNING * * *
You barely miss the quasit.
The quasit is lightly wounded.
The quasit closely misses you. The quasit claws you.
You die...

##∩.....∩# #∩.......∩
#_......._ #........_
#_......._ ###.........###
#⌠..55.......⌠#
######.8.@.......8.#
##∩__.......###......
###∩........8.# .8.. ...
##.............###.. ....
#⌠..........###...# ......
#⌠..........# #.<.# ......
#⌠..........###...###......
##.............###.........
###∩........8.# #.8.......


You could see a quasit and a shadow imp.

Vanquished Creatures
  A shadow imp (D)
1 creature vanquished.

Notes
Turn   | Place    | Note
--------------------------------------------------------------
     0 | D        | nuthulu the Naga Berserker began the quest for the Orb.
     0 | D        | Reached XP level 1. HP: 21/21 MP: 1/1
     1 | D        | Found an iron altar of Okawaru.
     1 | D        | Found an ancient bone altar of Kikubaaqudgha.
     2 | D        | Found a basalt altar of Yredelemnul.
     3 | D        | Found a bloodstained altar of Trog.
     4 | D        | Found a glowing silver altar of Zin.
     4 | D        | Found Taisar's Weapon Rack.
     4 | D        | Found Cyno Waak's Premium Goods.
     4 | D        | Round 1.
     5 | D        | Found Dienk's Basic Armour.
     5 | D        | Found Mamu's Miscellaneous Merchandise.
    12 | D        | Bought a +0 great mace for 195 gold pieces
    17 | D        | Found a sacrificial altar of Ru.
    18 | D        | Found a shimmering altar of Xom.
    19 | D        | Found a snail-covered altar of Cheibriados.
    20 | D        | Found Jiaw Qok's Identification Station.
    20 | D        | Found a viscous altar of Jiyva.
    20 | D        | Found a blossoming altar of Fedhas.
    20 | D        | Found Ziurrussoy's Bee Food.
    21 | D        | Found Ceak's Advanced Armour.
    21 | D        | Found Guinisoc's Jewellery.
    28 | D        | Found a shadowy altar of Dithmenos.
    32 | D        | Found a burning altar of Makhleb.
    33 | D        | Found Seolog's Magic Scroll Shop.
    34 | D        | Found Zeynteo's Magic Scroll Shop.
    34 | D        | Found Peperer's Must-Have Magic.
    37 | D        | Noticed a quasit
    39 | D        | Found a deep blue altar of Sif Muna.
    39 | D        | Found a corrupted altar of Lugonu.
    39 | D        | Found a radiant altar of Vehumet.
    39 | D        | Found Ynicly's Staff Store.
    42 | D        | HP: 1/22 [quasit (1)]
    43 | D        | Slain by a quasit

Vault maps used:
D:        arena_sprint

Action                   || total
-------------------------++-------
Melee: Great mace        ||     8
